 Dungeon Crawl Stone Soup version 0.32-a0-350-g4f4d228785 (webtiles) character file.

Game seed: 15768948880055861642

6120 garrulousMonolith the Cleaver (level 10, -2/85 (88) HPs)
             Began as a Mountain Dwarf Fighter on Feb 18, 2024.
             Was a Priest of Beogh.
             Killed by divine providence
             ... invoked by Bogward the orc apostle
              (11 damage)
             ... on level 9 of the Dungeon.
             The game lasted 00:14:32 (8863 turns).

garrulousMonolith the Cleaver (MDFi)                Turns: 8863, Time: 00:14:32

HP:   -2/85 (88)    AC: 26    Str: 18    XL:     10   Next: 59%
MP:   14/16         EV:  7    Int: 12    God:    Beogh [***...]
Gold: 132           SH:  5    Dex: 11    Spells: 9/9 levels left

rFire   + + .        b - +3 short sword (venom)
rCold   + . .        c - +0 buckler
rNeg    . . .        I - +3 chain mail {rF+}
rPois   +            e - +1 helmet
rElec   +            K - +2 cloak {rPois}
rCorr   +            B - +0 pair of gloves
SInv    .            l - +0 pair of boots
Will    ++...        h - amulet of regeneration Stlth
                     i - +4 ring of protection
HPRegen 1.14/turn    J - ring of willpower
MPRegen 0.15/turn

%: no passive effects
@: lethally poisoned (-2 -> -5), resistant, lightly drained
A: runic magic, artefact enchanting, subdued magic 1, MP-powered wands
a: Renounce Religion, Smiting


You were on level 9 of the Dungeon.
You worshipped Beogh.
Beogh was most pleased with you.
You visited 2 branches of the dungeon, and saw 10 of its levels.

You collected 621 gold pieces.
You spent 489 gold pieces at shops.

Inventory:

Hand Weapons
 a - a +1 war axe
 b - a +3 short sword of venom (weapon)
Missiles
 H - 11 poisoned darts (quivered)
Armour
 c - a +0 buckler (worn)
 e - a +1 helmet (worn)
 k - a +1 chain mail
 l - a +0 pair of boots (worn)
 B - a +0 pair of gloves (worn)
 I - a +3 chain mail of fire resistance (worn)
 K - a +2 cloak of poison resistance (worn)
Jewellery
 h - an amulet of regeneration (around neck)
 i - a +4 ring of protection (left hand)
 m - a ring of flight
 q - a +5 ring of evasion
 w - a ring of protection from cold
 D - a +6 ring of intelligence
 J - a ring of willpower (right hand)
 M - the ring of the Mage {Wiz Archmagi}
   (You found it on level 9 of the Dungeon)

   [ring of wizardry]

   Wiz:       It improves your spell success rate.
   Archmagi:  It increases the power of your magical spells.
Talismans
 s - a talisman of death
Wands
 o - a wand of flame (28)
 p - a wand of mindburst (21)
 t - a wand of light (2)
 y - a wand of iceblast (12)
Scrolls
 d - a scroll of enchant weapon
 g - 2 scrolls of vulnerability
 j - 2 scrolls of enchant armour
 n - 2 scrolls of blinking {unknown}
 v - a scroll of acquirement {unknown}
 A - 2 scrolls of teleportation
 C - 2 scrolls of noise
 F - a scroll of poison
Potions
 f - 2 potions of attraction
 r - 4 potions of enlightenment
 u - 2 potions of mutation
 z - a potion of lignification
 E - a potion of heal wounds {unknown}
 G - a potion of ambrosia {unknown}


   Skills:
 + Level 8.0 Fighting
 * Level 11.5 Axes
 + Level 7.9 Armour
 + Level 7.8 Shields
 + Level 8.4 Invocations


You had 9 spell levels left.
You didn't know any spells.
Your spell library contained the following spells:

 Spells                   Type           Power      Damage    Failure   Level
 Magic Dart               Conj           0%         1d3       50%         1
 Blink                    Tloc           0%         N/A       65%         2
 Call Imp                 Summ           0%         N/A       65%         2
 Sublimation of Blood     Necr           0%         N/A       65%         2
 Stone Arrow              Conj/Erth      0%         3d7       87%         3
 Animate Armour           Summ/Erth      0%         N/A       99%         4
 Summon Hydra             Summ           0%         N/A       100%        7
 Lehudib's Crystal Spear  Conj/Erth      0%         10d2      100%        8


Dungeon Overview and Level Annotations

Branches:
Dungeon (9/15)             Temple (1/1) D:6
   Lair: D:8-11         Orc: D:9-12

Altars:
Ashenzari
Cheibriados
Dithmenos
Elyvilon
Fedhas
Gozag
Hepliaklqana
Kikubaaqudgha
Makhleb
Nemelex Xobeh
Okawaru
Qazlal
Ru
Sif Muna
Trog
Uskayaw
Vehumet
Wu Jian
Xom
Yredelemnul
Zin
The Shining One

Shops:
D:3 (   D:9 [?**!

Annotations:
D:5 exclusion: statue


Innate Abilities, Weirdness & Mutations

Your facial features look somewhat orcish.
Your spellcasting is much less encumbered by armour.
You can use scrolls of enchantment on lesser artefacts.
Your spells are a little easier to cast, but a little less powerful.
You expend magic power (3 MP) to strengthen your wands.


Message History

Bogward is lightly wounded.
You feel very sick.
Bogward calls down the wrath of Beogh upon you.
Beogh smites you!
* * * LOW HITPOINT WARNING * * *
You feel better.
Bogward calls down the wrath of Beogh upon you.
Beogh smites you!
* * * LOW HITPOINT WARNING * * *
Aiming: Bolt of Light
Press: ? - help, Shift-Dir - straight line, f/p - Bogward
Aim: Bogward the orc apostle, wielding the +1 trident "Xip Losk" {venom, Str+4 Int+2} and wearing a +4 leather armour (regenerating, empowered by the touch of Beogh, 60% to hit)
You feel a surge of power!
The bolt of light hits Bogward.
Bogward is lightly wounded.
Bogward is blinded.
Bogward hits you but does no damage.
You hit Bogward but do no damage.
Bogward is poisoned.
Bogward hits you but does no damage.
You hit Bogward but do no damage. You block Bogward's attack.
You hit Bogward.
Bogward looks as sick as possible!
Bogward is lightly wounded.
Bogward is no longer regenerating.
Bogward hits you but does no damage.
You are poisoned.
You closely miss Bogward.
Bogward is lightly wounded.
You feel very sick. Bogward hits you but does no damage.
You are more poisoned.
You hit Bogward.
Bogward is lightly wounded.
You feel very sick.
Bogward calls down the wrath of Beogh upon you.
Beogh smites you!
* * * LOW HITPOINT WARNING * * *
You hit Bogward but do no damage.
Bogward looks as sick as possible!
Bogward is moderately wounded.
You feel very sick.
Bogward mumbles some strange prayers to Beogh against you.
Beogh smites you!
You die...
Beogh appreciates Bogward's killing of a heretic priest.

.....♣ #.####
.....P #...)<
......♣ #.....
..†...P #..###
.†..... .....
§§.....###
..##.
§§....o..## .
#..#
.......@..#
#..#
..†.....)♣♣##
#..#
......♣.♣)).##
#..#
......♣#.)..P♣
#..# ....♣
##)♣..♣#####..#
....
##♣♣..P...#..#
... #♣P.).....#
.. ##P.)##..#
######..###


You could see Bogward the orc apostle (blind, unable to see you, extremely
poisoned, divinely empowered).

Vanquished Creatures
  Psyche (D:9)
  A kobold demonologist (D:9)
  A troll (D:8)
  Prince Ribbit (D:9)
  A hornet (D:7)
  A wraith (D:8)
  A wyvern (D:8)
  Eustachio (D:6)
  A steam dragon (D:9)
  An acid dragon (D:7)
  2 sky beasts
  2 water moccasins
  An ice beast (D:5)
  2 orc warriors
  An ogre (D:5)
  A black bear (D:4)
  2 centaurs
  5 kobold brigands
  2 phantoms
  2 bullfrogs (D:8)
  3 scorpions
  13 wights
  11 killer bees
  A howler monkey (D:9)
  3 hounds
  6 orc priests
  A bombardier beetle (D:6)
  3 jellies
  2 gnoll boudas
  4 iguanas
  5 orc wizards
  Robin (D:4)
  24 gnolls
  11 adders
  A shadow imp (D:5)
  5 white imps
  3 ufetubi (D:5)
  4 dart slugs
  A ribbon worm (D:5)
  22 orcs
  5 ball pythons
  9 bats
  7 endoplasms
  4 giant cockroaches
  8 goblins
  8 hobgoblins
  4 jackals (D:5)
  62 kobolds
  4 quokkas
  2 frilled lizards
  4 rats
271 creatures vanquished.

Vanquished Creatures (others)
  An orc wizard (D:9)
  5 orcs
  A kobold (D:9)
7 creatures vanquished.

Grand Total: 278 creatures vanquished

Notes
Turn   | Place    | Note
-------+----------+-------------------------------------------
     0 | D:1      | garrulousMonolith the Mountain Dwarf Fighter began the
                  | quest for the Orb.
     0 | D:1      | Reached XP level 1. HP: 19/19 MP: 1/1
    16 | D:1      | Reached XP level 2. HP: 26/26 MP: 2/2
    73 | D:1      | Reached skill level 3 in Axes
    73 | D:1      | Reached skill level 1 in Invocations
   221 | D:1      | Reached XP level 3. HP: 31/31 MP: 3/3
  1123 | D:2      | Reached XP level 4. HP: 29/40 MP: 5/5
  1342 | D:3      | Found a faded altar of an unknown god.
  1503 | D:3      | Found Vauvuh's Antique Weapon Shoppe.
  1660 | D:3      | Found a blossoming altar of Fedhas.
  1857 | D:3      | Noticed a kobold brigand
  1870 | D:3      | Killed a kobold brigand
  1871 | D:3      | Reached skill level 4 in Axes
  1871 | D:3      | Reached XP level 5. HP: 39/46 MP: 6/6
  2071 | D:3      | Reached XP level 6. HP: 17/52 MP: 8/8
  2346 | D:3      | Reached skill level 5 in Axes
  2888 | D:4      | Noticed Robin
  2907 | D:4      | Killed Robin
  2909 | D:4      | Reached XP level 7. HP: 53/60 MP: 9/9
  3222 | D:4      | Reached skill level 6 in Axes
  3738 | D:5      | Entered Level 5 of the Dungeon
  3744 | D:5      | Reached skill level 5 in Shields
  3749 | D:5      | Reached skill level 5 in Fighting
  3749 | D:5      | Reached skill level 5 in Armour
  3985 | D:5      | Reached XP level 8. HP: 67/68 MP: 11/11
  4041 | D:5      | Reached skill level 7 in Axes
  4042 | D:5      | Became a worshipper of Beogh the Shepherd
  4098 | D:5      | Found a radiant altar of Vehumet.
  4415 | D:5      | Found a sacrificial altar of Ru.
  4420 | D:5      | Found an opulent altar of Gozag.
  4421 | D:5      | Found an ornate altar of the Wu Jian Council.
  4422 | D:5      | Found a shadowy altar of Dithmenos.
  4426 | D:5      | Reached skill level 5 in Invocations
  4928 | D:6      | Reached skill level 8 in Axes
  4995 | D:6      | Reached * piety under Beogh
  4997 | D:6      | Found a staircase to the Ecumenical Temple.
  5030 | Temple   | Entered the Ecumenical Temple
  5250 | D:6      | Reached XP level 9. HP: 75/75 MP: 13/13
  5407 | D:6      | Noticed Eustachio
  5434 | D:6      | Killed Eustachio
  5709 | D:6      | Reached skill level 9 in Axes
  5858 | D:6      | Found a shimmering blue altar of Sif Muna.
  6501 | D:7      | Gained mutation: Your spells are a little easier to cast,
                  | but a little less powerful. [potion of mutation]
  6501 | D:7      | Gained mutation: You expend magic power (3 MP) to
                  | strengthen your wands. [potion of mutation]
  6503 | D:7      | HP: 5/117 [poisoned by you (poison gas)]
  6509 | D:7      | HP: 2/117 [poisoned by you (poison gas)]
  7209 | D:8      | Reached ** piety under Beogh
  7290 | D:8      | Noticed a troll
  7313 | D:8      | Killed a troll
  7314 | D:8      | Reached skill level 10 in Axes
  7572 | D:8      | Reached XP level 10. HP: 34/86 MP: 15/15
  8034 | D:9      | Noticed Psyche
  8198 | D:9      | Killed Psyche
  8260 | D:9      | Found Wayvon's Antique Armour Shop.
  8269 | D:9      | Bought a glowing chain mail for 180 gold pieces
  8315 | D:9      | Noticed an orange demon
  8322 | D:9      | Noticed a smoke demon
  8347 | D:9      | Reached skill level 11 in Axes
  8516 | D:9      | Found Osehaits's General Store.
  8522 | D:9      | Bought a +2 cloak of poison resistance for 240 gold pieces
  8522 | D:9      | Bought a scroll of teleportation for 39 gold pieces
  8530 | D:9      | Found Anesy's General Store.
  8543 | D:9      | Noticed Prince Ribbit
  8552 | D:9      | Killed Prince Ribbit
  8595 | D:9      | Found Juuseat's Distillery.
  8604 | D:9      | Bought a potion of curing for 30 gold pieces
  8712 | D:9      | Found Emaexerr's Magic Scroll Shop.
  8712 | D:9      | Found the ring of the Mage {Wiz Archmagi}
  8831 | D:9      | Reached *** piety under Beogh
  8842 | D:9      | Identified the +1 trident "Xip Losk" {venom, Str+4 Int+2}
  8842 | D:9      | Noticed Bogward
  8863 | D:9      | Killed from afar by Bogward the orc apostle

Illustrated notes

Levels and vault maps discovered:
D:1:      dpeg_arrival_shrine, layout_basic, nicolae_twisty_statue_hallways
D:2:      layout_loops_cross
D:3:      minmay_goblin_kobold_castle, layout_loops_ring, fedhas_altar_1,
          serial_shops, shop, hellmonk_ecumenical_altar_leap_of_faith
D:4:      minmay_evil_eye, layout_rooms, uniq_robin
D:5:      minmay_bubble_buster, layout_cave_pools, vehumet_statue,
          mainiacjoe_overflow_alcove_3
D:6:      layout_layer_cave, nicolae_sif_muna_condensation,
          minmay_temple_entry_junction_2, uniq_eustachio
D:7:      layout_layer_cave
D:8:      layout_rooms, grunt_ministairs_4
D:9:      kennysheep_kobold_camp, layout_long_grid, serial_shops,
          nicolae_shop_tiny_glass, shop, nicolae_stop_n_shop_2, shop, shop,
          nicolae_two_hexagons, uniq_prince_ribbit1, uniq_psyche
Temple:   nicolae_temple_no_exploring_needed

Skill      XL: |  1  2  3  4  5  6  7  8  9 10 |
---------------+-------------------------------+-----
Axes           | 3 4 5 6 8 10 11 | 11.5
Invocations    | 1 2 3 4 5 7 8 |  8.4
Fighting       | 4 5 6 7 8 |  8.0
Armour         | 4 5 6 7 |  7.9
Shields        | 4 5 6 7 |  7.8

Action                     |  1- 3 |  4- 6 |  7- 9 | 10-12 || total
---------------------------+-------+-------+-------+-------++-------
  Melee: War axe           |    71 |   190 |   332 |   176 ||   769
         Short sword       |       |       |   107 |    47 ||   154
 Invoke: Convert to Beogh  |       |       |     1 |       ||     1
         Smiting           |       |       |       |     3 ||     3
  Evoke: Wand              |       |     3 |     9 |     3 ||    15
    Use: Scroll            |       |     7 |     5 |       ||    12
         Potion            |       |     5 |     5 |     2 ||    12
   Stab: Invisible         |       |     2 |       |     1 ||     3
 Armour: Scale mail        |    42 |       |       |       ||    42
         Chain mail        |    12 |   217 |   508 |   223 ||   960
         Skin              |       |       |     1 |     9 ||    10
  Dodge: Dodged            |    31 |   102 |   197 |    84 ||   414
  Block: Buckler           |    19 |    56 |   154 |    56 ||   285

Table legend: (Time is in decaauts)
 A = Elapsed time spent in this place.
 B = Non-inter-level travel time spent in this place.
 C = Inter-level travel time spent in this place.
 D = Time resting spent in this place.
 E = Time spent auto-exploring this place.
 F = Levels seen in this place.
 G = Mean time per level.
                   A        B        C        D        E       F      G
               +--------+--------+--------+--------+--------+-----+--------+
         Total |   9000 |   8777 |    223 |   1303 |   5456 |  10 |  900.0 |
       Dungeon |   8975 |   8752 |    223 |   1297 |   5456 |   9 |  997.2 |
        Temple |     25 |     25 |      0 |      6 |      0 |   1 |   25.0 |
               +--------+--------+--------+--------+--------+-----+--------+

Top non-repeatable levels by time:
     D:3: 1571 daAuts
     D:6: 1356 daAuts
     D:4: 1149 daAuts
     D:8: 984 daAuts
     D:7: 964 daAuts
     D:5: 932 daAuts
     D:9: 691 daAuts
     D:2: 680 daAuts
     D:1: 644 daAuts
  Temple: 25 daAuts
